 Dungeon Crawl Stone Soup version 0.28.0-43-g3370ac3207 (webtiles) character file.

Game seed: 15269260819621693897

11 Revguard the Chopper (level 2, -2/22 HPs)
             Began as a Demonspawn Gladiator on Mar 10, 2022.
             Slain by Natasha (7 damage)
             ... on level 2 of the Dungeon.
             The game lasted 00:01:07 (783 turns).

Revguard the Chopper (Demonspawn Gladiator)          Turns: 783, Time: 00:01:08

Health: -2/22      AC:  6    Str: 14    XL:     2   Next: 13%
Magic:  2/2        EV: 11    Int:  9    God:
Gold:   38         SH:  0    Dex: 14    Spells: 1/1 levels left

rFire   . . .      SeeInvis .   a - +1 war axe
rCold   . . .      Faith    .   (no shield)
rNeg    . . .      Spirit   .   i - +0 ring mail
rPois   .          Reflect  .   c - +0 helmet
rElec   .          Harm     .   (no cloak)
rCorr   .          Rampage  .   (no gloves)
Will    .....                   (no boots)
Stlth   +.........              (no amulet)
HPRegen 0.07/turn               (no ring)
MPRegen 0.08/turn               (no ring)

@: attractive
A: demonic touch 1
a: no special abilities


You were on level 2 of the Dungeon.
You visited 1 branch of the dungeon, and saw 2 of its levels.

You collected 38 gold pieces.

Inventory:

Hand Weapons
 a - a +1 war axe (weapon)
Missiles
 d - 3 throwing nets (quivered)
Armour
 b - a +0 leather armour
 c - a +0 helmet (worn)
 i - a +0 ring mail (worn)
Scrolls
 g - a scroll of enchant weapon
Potions
 h - a potion of cancellation


   Skills:
 + Level 2.1 Fighting
 + Level 2.8 Axes
 - Level 1.7 Throwing
 * Level 0.9 Armour
 + Level 2.8 Dodging


You had one spell level left.
You didn't know any spells.
Your spell library was empty.

Dungeon Overview and Level Annotations

Branches:
Dungeon (2/15)

Altars:

Annotations:
D:2 Natasha


Innate Abilities, Weirdness & Mutations

Your touch may inflict minor irresistible damage on your foes.


Message History

There is an open door here.
You open the door.
There is an open door here.
Done exploring.
Done exploring.
As you read the scroll labelled TOYGHUECIPP, it crumbles to dust.
It is a scroll of identify.
h - a potion of cancellation
As you read the scroll labelled QIOCONGIOF, it crumbles to dust.
The air around you briefly surges with heat, but it dissipates.
It was a scroll of immolation.
As you read the scroll labelled KUADOD KEOGG, it crumbles to dust.
It is a scroll of enchant weapon.
Your +0 war axe glows red for a moment.
It was a potion of attraction.
You feel attractive to monsters.
Done exploring.
(D) Dungeon
Where to? (? - help)
There is a stone staircase leading down here.
You climb downwards.
Natasha hisses angrily.
Natasha is attracted toward you.
There is a stone staircase leading up here.
Natasha is nearby!
You closely miss Natasha. Your touch misses Natasha.
Natasha completely misses you.
You hit Natasha but do no damage. Natasha claws you.
You hit Natasha.
Natasha is moderately wounded.
Natasha claws you. x2
You hit Natasha.
Natasha is moderately wounded.
Natasha stares at you and mumbles some strange words.
The magic dart hits you!
* * * LOW HITPOINT WARNING * * *
You closely miss Natasha. You punch Natasha, but do no damage.
Natasha is moderately wounded.
Natasha claws you!
You die...

.# .# .#
.## ..#
..#
###..#
#.@h.#
#.......+
#....####
###..#
..# ..#
..# .##


You could see Natasha.

Vanquished Creatures
  A dart slug (D:1)
  2 endoplasms (D:1)
  A quokka (D:1)
  2 bats (D:1)
  2 goblins (D:1)
  A kobold (D:1)
9 creatures vanquished.

Notes
Turn   | Place    | Note
-------+----------+-------------------------------------------
     0 | D:1      | Revguard the Demonspawn Gladiator began the quest for the
                  | Orb.
     0 | D:1      | Reached XP level 1. HP: 16/16 MP: 1/1
   395 | D:1      | Gained mutation: Your touch may inflict minor irresistible
                  | damage on your foes. [demonic ancestry]
   395 | D:1      | Reached XP level 2. HP: 22/22 MP: 2/2
   778 | D:2      | Noticed Natasha
   783 | D:2      | Slain by Natasha

Illustrated notes

Levels and vault maps discovered:
D:1:      elethiomel_arrival_infinity_welcomes_careful_drivers, layout_rooms,
          amcnicky_mini_rare_corridor_liquid
D:2:      layout_loops_corners, basic_altar, minmay_pentomino_v2, uniq_natasha,
          uniq_robin

Action                   || total
-------------------------++-------
Melee: War axe           ||    25
       Punch             ||     1
  Use: Scroll            ||     3
       Potion            ||     1
Armor: Leather armour    ||     7
Dodge: Dodged            ||    19
